 Dungeon Crawl Stone Soup version 0.21-a0-552-g593960d (webtiles) character file.

147 AverageBear the Chopper (level 5, -2/46 HPs)
             Began as a Deep Dwarf Fighter on Dec 17, 2017.
             Slain by an orc
             ... wielding a +0 mace
              (4 damage)
             ... on level 3 of the Dungeon.
             The game lasted 00:02:09 (1612 turns).

AverageBear the Chopper (Deep Dwarf Fighter)        Turns: 1612, Time: 00:02:09

Health: -2/46      AC:  8    Str: 20    XL:     5   Next: 7%
Magic:  5/5        EV:  7    Int:  9    God:
Gold:   143        SH:  9    Dex: 12    Spells: 4/4 levels left

rFire    . . .     SeeInvis .   a - +0 war axe
rCold    . . .     Gourm    .   c - +0 shield
rNeg     . . .     Faith    .   b - +0 scale mail
rPois    .         Spirit   .   (no helmet)
rElec    .         Reflect  .   (no cloak)
rCorr    .         Harm     .   (no gloves)
MR       .....                  o - +0 pair of boots
Stlth    ..........             (no amulet)
HPRegen  0.00/turn              i - ring of flight
MPRegen  0.09/turn              (no ring)

@: non-regenerating
A: damage resistance, heal wounds, sense surroundings 1, no regeneration
a: Heal Wounds, Evoke Flight


You were on level 3 of the Dungeon.
You were not hungry.

You visited 1 branch of the dungeon, and saw 3 of its levels.

You collected 143 gold pieces.

Inventory:

Hand Weapons
 a - a +0 war axe (weapon)
Missiles
 k - 2 steel tomahawks (quivered)
Armour
 b - a +0 scale mail (worn)
 c - a +0 shield (worn)
 o - a +0 pair of boots (worn)
Jewellery
 i - a ring of flight (left hand)
Scrolls
 e - 2 scrolls of teleportation
 g - 2 scrolls of identify
 h - 2 scrolls of random uselessness
 m - a scroll of fog {unknown}
 r - a scroll of blinking {unknown}
Potions
 d - a potion of might
 n - 2 potions of haste
 q - a potion of berserk rage {unknown}
Comestibles
 f - a bread ration
 j - 6 chunks of flesh
 l - 3 fruits
 p - 2 meat rations
 s - a royal jelly


   Skills:
 - Level 2.6 Fighting
 + Level 5.9 Axes
 - Level 3.2 Armour
 - Level 3.2 Shields


You had 4 spell levels left.
You didn't know any spells.

Dungeon Overview and Level Annotations

Branches:
Dungeon (3/15)

Altars:
Cheibriados
Elyvilon


Innate Abilities, Weirdness & Mutations

You are resistant to damage.
You can heal yourself by infusing magical energy.
You passively map a small area around you.
You do not regenerate.


Message History

Things that are here:
a dagger; a hunting sling; a kobold corpse Eating one of 13 chunks of flesh.
You eat one of the 13 chunks of flesh.
This raw flesh tastes terrible.
Things that are here:
a dagger; a hunting sling; a kobold corpse You see here 3 potions of degeneration.
Some of the chunks of flesh in your inventory have rotted away.
An orc comes into view. It is wielding a mace.
The orc shouts!
An orc is nearby!
An orc is nearby!
An orc is nearby!
You are too injured to fight recklessly!
A goblin comes into view.
The goblin shouts!
The orc barely misses you. The goblin hits you.
You miss the goblin. You completely miss the orc. The orc hits you with a mace.
You die...

#.....##.## #...#
#.....##... #...#
#...))##.## #...#
#..)..##+## #...#
####......# *
*...#########......#
#.........##......#
#.g.......##......#
#.@.......##......#
*
#..o......##......#
,
+................##
#.........#####..##
#.........# #..##
#.........# #..##
#.........######.##
##########...!....#
#.#####..#


You could see an orc and a goblin.

Vanquished Creatures
  An orc priest (D:3)
  3 adders
  An ooze (D:3)
  A worm (D:2)
  3 dart slugs
  3 leopard geckos
  7 orcs (D:3)
  2 ball pythons
  6 giant cockroaches
  4 goblins
  7 hobgoblins
  A quokka (D:3)
  9 bats
  2 frilled lizards
  6 kobolds
  11 rats
67 creatures vanquished.

Vanquished Creatures (others)
  A bat (D:3)
1 creature vanquished.

Grand Total: 68 creatures vanquished

Notes
Turn   | Place    | Note
-------+----------+-------------------------------------------
     0 | D:1      | AverageBear the Deep Dwarf Fighter began the quest for the Orb.
     0 | D:1      | Reached XP level 1. HP: 20/20 MP: 1/1
   138 | D:1      | Reached skill level 3 in Axes
   139 | D:1      | Reached XP level 2. HP: 27/27 MP: 2/2
   368 | D:1      | Reached XP level 3. HP: 33/33 MP: 3/3
   439 | D:1      | Reached skill level 4 in Axes
   742 | D:2      | Found a snail-covered altar of Cheibriados.
  1101 | D:3      | Reached XP level 4. HP: 21/40 MP: 4/4
  1127 | D:3      | Reached skill level 5 in Axes
  1179 | D:3      | Found a white marble altar of Elyvilon.
  1387 | D:3      | HP: 2/40 [orc/flail (1)]
  1391 | D:3      | Reached XP level 5. HP: 2/46 MP: 5/5
  1612 | D:3      | Slain by an orc

Vault maps used:
D:1:      minmay_arrival_widening_spiral_wide
D:2:      marbit_many_paths
D:3:      elyvilon_altar_4, first_bread, grunt_ministairs_5

Skill      XL: |  1  2  3  4 |
---------------+-------------+-----
Axes           | 3 4 5 |  5.9
Fighting       | |  2.6
Armour         | |  3.2
Shields        | |  3.2

Action                   |  1- 3 |  4- 6 || total
-------------------------+-------+-------++-------
Melee: War axe           |   137 |    56 ||   193
  Use: Scroll            |       |     4 ||     4
       Potion            |       |     2 ||     2
  Eat: Chunk             |     1 |     2 ||     3
Armor: Scale mail        |    56 |    29 ||    85
Dodge: Dodged            |    50 |    23 ||    73
Block: Shield            |    75 |    40 ||   115

Table legend:
 A = Spawn XP
 B = Non-spawn XP
 C = Spawn XP percentage of total XP
 D = Spawn monster count
 E = Non-spawn monster count
 F = Spawn count percentage of total count
 G = Total turns spent on level
                    A         B        C        D         E        F      G
               +---------+---------+-------+---------+---------+-------+---------
         Total |       0 |     210 |   0.0 |       0 |      67 |   0.0 |  1612
               +---------+---------+-------+---------+---------+-------+---------
           D:1 |       0 |      46 |   0.0 |       0 |      27 |   0.0 |   542
           D:2 |       0 |      46 |   0.0 |       0 |      15 |   0.0 |   492
           D:3 |       0 |     118 |   0.0 |       0 |      25 |   0.0 |   578
               +---------+---------+-------+---------+---------+-------+---------
